 Dungeon Crawl Stone Soup version 0.22-a0-147-gfdd7f25 (webtiles) character file.

2366 KristoblXynda the Carver (level 9, -24/67 HPs)
             Began as a Purple Draconian Gladiator on Feb 6, 2018.
             Was an Elder of Uskayaw.
             Annihilated by an orc warrior
             ... wielding a +0 glaive
              (28 damage)
             ... on level 7 of the Dungeon.
             The game lasted 00:11:05 (6378 turns).

KristoblXynda the Carver (DrGl)                     Turns: 6378, Time: 00:11:06

Health: -24/67     AC:  9    Str: 16    XL:     9   Next: 21%
Magic:  10/10      EV: 18    Int: 13    God:    Uskayaw [****..]
Gold:   376        SH:  0    Dex: 12    Spells: 8/8 levels left

rFire    + . .     SeeInvis .   n - +5 long sword
rCold    . . .     Gourm    .   (no shield)
rNeg     . . .     Faith    .   (armour unavailable)
rPois    .         Spirit   .   b - +1 hat
rElec    .         Reflect  .   (no cloak)
rCorr    .         Harm     .   (no gloves)
MR       +....                  t - +0 pair of boots
Stlth    +.........             (no amulet)
HPRegen  0.21/turn              p - ring of protection from fire
MPRegen  0.12/turn              g - +3 ring of evasion

@: no status effects
A: breathe power, unfitting armour, cold-blooded, AC +7
a: Breathe Dispelling Energy, Stomp, Line Pass, Renounce Religion


You were on level 7 of the Dungeon.
You worshipped Uskayaw.
Uskayaw was noncommittal.
You were not hungry.

You visited 2 branches of the dungeon, and saw 8 of its levels.

You collected 376 gold pieces.

Inventory:

Hand Weapons
 n - a +5 long sword (weapon)
 r - a +5 scimitar of freezing
Missiles
 c - a throwing net (quivered)
Armour
 b - a +1 hat (worn)
 j - a +0 shield
 t - a +0 pair of boots (worn)
Jewellery
 g - a +3 ring of evasion (right hand)
 p - a ring of protection from fire (left hand)
Scrolls
 f - 3 scrolls of magic mapping
 i - 2 scrolls of enchant armour
 l - 2 scrolls of remove curse
 v - 2 scrolls of immolation
Potions
 a - a potion of flight {unknown}
 e - 2 potions of haste
 h - 3 potions of curing
 m - 2 potions of ambrosia {unknown}
 s - a potion of mutation {unknown}
 u - 2 potions of brilliance
 w - a potion of invisibility {unknown}
 z - a potion of heal wounds {unknown}
 A - a potion of resistance {unknown}
 B - a potion of agility {unknown}
Comestibles
 d - 5 rations


   Skills:
 - Level 2.1 Fighting
 * Level 10.3 Long Blades
 - Level 2.0 Throwing
 + Level 7.0 Dodging
 + Level 2.0 Invocations


You had 8 spell levels left.
You didn't know any spells.

Dungeon Overview and Level Annotations

Branches:
Dungeon (7/15)             Temple (1/1) D:6

Altars:
Ashenzari
Cheibriados
Dithmenos
Elyvilon
Fedhas
Gozag
Hepliaklqana
Makhleb
Nemelex Xobeh
Okawaru
Qazlal
Ru
Sif Muna
Trog
Uskayaw
Vehumet
Wu Jian
Xom
Yredelemnul
Zin
The Shining One

Shops:
D:5 *   D:7 %*


Innate Abilities, Weirdness & Mutations

You can breathe bolts of dispelling energy.
Your rich purple scales are hard. (AC +7)
You cannot fit into any form of body armour.
You are cold-blooded and may be slowed by cold attacks.


Message History

You kill the orc!
Something hits you. The orc warrior misses you.
Uskayaw will force your foes to share their pain.
Uskayaw links your audience in an emotional bond!
Something closely misses you. The orc warrior hits you with a glaive!
Items here: )) [[ † a dagger; a robe; a club; a chain mail; an orc corpse You hit the orc warrior.
The orc warrior is heavily wounded.
Something hits you but does no damage.
You closely miss the orc warrior.
Your tail-slap misses the orc warrior.
The orc warrior is heavily wounded.
The orc warrior is no longer sharing its pain.
The orc warrior hits you with a glaive!!
* * * LOW HITPOINT WARNING * * *
Something hits you but does no damage.
You hit the orc warrior.
The orc warrior is heavily wounded.
The orc warrior hits you with a glaive!!
You die...

..............####..##.##.##**,**
####..........#.....#.....)#,+,+,
...'..........#.....#......#**,**
...#..........#.....#......#,+,+,
.###..........########....##**,**
.#.<..#'########....#######*,+,+,
.#....#..............#,,,,,***,**
.+....#..............#..,,,*,+,+_
.#....#..<.....)@o...'..,,****,**
.#....#...(...)(.....#..,,****+**
.+....#..###(.##)...##,,,,,* *,*8
'#....#..###(.##....#*,,,,,***,,,
......#....(........#*,,,,** ****
).##'##.............##*****
..#..................#
..#..................#
..#'###..#############


You could see an orc warrior.

Vanquished Creatures
  The ghost of SnubMonkey the Slasher, a novice DsBe of Trog (D:5)
  Grinder (D:6)
  A hippogriff (D:7)
  Eustachio (D:6)
  Menkaure (D:5)
  An ice beast (D:7)
  An orc warrior (D:7)
  An ogre (D:7)
  2 bullfrogs (D:6)
  A scorpion (D:7)
  9 wights (D:6)
  A crimson imp (D:5)
  2 orc priests
  2 hounds (D:6)
  5 orc wizards
  A centaur skeleton (D:7)
  Natasha (thrice) (D:4)
  4 gnolls
  7 adders
  3 oozes
  2 adder skeletons
  3 worms
  4 dart slugs
  5 leopard geckos
  33 orcs
  6 giant cockroaches
  3 goblins
  5 hobgoblins
  8 jackals
  8 kobolds
  A quokka (D:6)
  3 ball pythons
  8 bats
  2 frilled lizards
  A leopard gecko skeleton (D:6)
  A leopard gecko zombie (D:6)
  2 rats
143 creatures vanquished.

Notes
Turn   | Place    | Note
-------+----------+-------------------------------------------
     0 | D:1      | KristoblXynda the Draconian Gladiator began the quest for the Orb.
     0 | D:1      | Reached XP level 1. HP: 17/17 MP: 1/1
   108 | D:1      | Reached XP level 2. HP: 24/24 MP: 2/2
   423 | D:1      | Reached XP level 3. HP: 23/29 MP: 3/3
  1143 | D:2      | Found a glowing golden altar of the Shining One.
  1287 | D:2      | Reached skill level 4 in Long Blades
  1635 | D:3      | Reached XP level 4. HP: 36/36 MP: 4/4
  2110 | D:3      | Reached XP level 5. HP: 39/41 MP: 5/5
  2206 | D:3      | Reached skill level 5 in Long Blades
  2621 | D:4      | Noticed Natasha
  2632 | D:4      | Killed Natasha
  2684 | D:4      | Found a sparkling altar of Nemelex Xobeh.
  2793 | D:4      | Noticed Natasha
  2808 | D:4      | Killed Natasha
  2808 | D:4      | Reached XP level 6. HP: 23/48 MP: 6/6
  3155 | D:4      | Noticed Natasha
  3171 | D:4      | Killed Natasha
  3378 | D:5      | Entered Level 5 of the Dungeon
  3393 | D:5      | Noticed SnubMonkey's ghost (novice DsBe)
  3600 | D:5      | Found a radiant altar of Vehumet.
  3601 | D:5      | Noticed Menkaure
  3642 | D:5      | Killed SnubMonkey's ghost
  3642 | D:5      | Reached skill level 6 in Long Blades
  3642 | D:5      | Your scales start taking on a rich purple colour.
  3642 | D:5      | Reached XP level 7. HP: 39/55 MP: 7/7
  3646 | D:5      | Killed Menkaure
  3646 | D:5      | Reached skill level 7 in Long Blades
  3646 | D:5      | Reached skill level 5 in Dodging
  3809 | D:5      | Found Wud Goh's Assorted Antiques.
  4396 | D:6      | Noticed Eustachio
  4439 | D:6      | Found an iron altar of Okawaru.
  4673 | D:6      | Reached skill level 8 in Long Blades
  4676 | D:6      | Reached XP level 8. HP: 29/61 MP: 8/8
  5114 | D:6      | Reached skill level 9 in Long Blades
  5132 | D:6      | Found a staircase to the Ecumenical Temple.
  5144 | Temple   | Entered the Ecumenical Temple
  5335 | Temple   | Became a worshipper of Uskayaw the Reveler
  5383 | D:6      | Reached * piety under Uskayaw
  5479 | D:6      | Noticed Grinder
  5486 | D:6      | Reached ** piety under Uskayaw
  5488 | D:6      | Reached *** piety under Uskayaw
  5489 | D:6      | Killed Grinder
  5550 | D:6      | Killed Eustachio
  5609 | D:7      | Found Zin's Purification Station.
  5611 | D:7      | Found a glowing silver altar of Zin.
  5797 | D:7      | Found Vedad's Food Boutique.
  5818 | D:7      | Noticed a hippogriff
  5825 | D:7      | Killed a hippogriff
  5825 | D:7      | Reached skill level 10 in Long Blades
  5825 | D:7      | Reached skill level 1 in Invocations
  5825 | D:7      | Reached XP level 9. HP: 45/67 MP: 9/9
  5827 | D:7      | Reached **** piety under Uskayaw
  6377 | D:7      | HP: 3/67 [orc warrior/glaive (18)]
  6378 | D:7      | Annihilated by an orc warrior

Vault maps used:
D:1:      dpeg_arrival_houses_and_road, minmay_misc_feat_columns
D:2:      nicolae_overflow_crystal_walls
D:3:      minmay_surrounded
D:4:      nemelex_altar_shiori, uniq_natasha
D:5:      lemuel_doored_altar, first_ration, serial_shops,
          nicolae_shop_overgrown_old_shop, minmay_misc_feat_alley, uniq_menkaure
D:6:      okawaru_metal_pillars_1_2, temple_hall, uniq_grinder, uniq_eustachio
D:7:      zin_purify, lemuel_mausoleum_altar_kikubaaqudgha, serial_shops, shop
Temple:   eino_temple_rhombus

Skill      XL: |  1  2  3  4  5  6  7  8  9 |
---------------+----------------------------+-----
Throwing       | 2 |  2.0
Dodging        | 3 4 5 6 7 |  7.0
Long Blades    | 4 5 6 8 10 | 10.3
Invocations    | 1 2 |  2.0
Fighting       | |  2.1

Action                   |  1- 3 |  4- 6 |  7- 9 || total
-------------------------+-------+-------+-------++-------
Melee: Long sword        |    81 |   196 |   199 ||   476
       Tailslap          |    10 |    21 |    33 ||    64
Throw: Throwing net      |       |       |     2 ||     2
 Abil: Breathe Dispellin |       |       |     4 ||     4
  Use: Scroll            |       |     6 |    12 ||    18
       Potion            |       |     1 |     5 ||     6
 Stab: Sleeping          |     2 |     1 |       ||     3
       Paralysed         |       |       |     3 ||     3
  Eat: Chunk             |     2 |     7 |     3 ||    12
       Ration            |       |       |     2 ||     2
Armor: Skin              |    24 |    77 |   124 ||   225
Dodge: Dodged            |    68 |   167 |   157 ||   392
       Rpst.: Long sword |    17 |    53 |    52 ||   122

Table legend:
 A = Spawn XP
 B = Non-spawn XP
 C = Spawn XP percentage of total XP
 D = Spawn monster count
 E = Non-spawn monster count
 F = Spawn count percentage of total count
 G = Total turns spent on level
                    A         B        C        D         E        F      G
               +---------+---------+-------+---------+---------+-------+---------
         Total |       0 |    3381 |   0.0 |       0 |     143 |   0.0 |  6378
               +---------+---------+-------+---------+---------+-------+---------
           D:1 |       0 |      52 |   0.0 |       0 |      19 |   0.0 |   667
           D:2 |       0 |      23 |   0.0 |       0 |      11 |   0.0 |   927
           D:3 |       0 |     206 |   0.0 |       0 |      31 |   0.0 |   927
           D:4 |       0 |     153 |   0.0 |       0 |      12 |   0.0 |   885
           D:5 |       0 |     698 |   0.0 |       0 |      14 |   0.0 |  1218
           D:6 |       0 |    1350 |   0.0 |       0 |      32 |   0.0 |   752
           D:7 |       0 |     899 |   0.0 |       0 |      24 |   0.0 |   799
               +---------+---------+-------+---------+---------+-------+---------
